cohdb
Replays
Latest Replays
All Replays
Popular Replays
Top Player Replays
Match Explorer
How It Works
Community
CoH3 Stats
Reddit
Sign in to upload your games and track your stats! →
Sign in with Steam
Match 43944926
Unlisted
Match 43944926
Overview
Messages
Build Orders
End
Scout Squad
Scout Squad
Construct Weapon Support Center
Selects Airborne Battlegroup
Selects Pathfinders
M1919 Machine Gun Team
Bazooka Squad
Mechanized Support Center
M3 Armored Personnel Carrier
Engineer Squad
M1919 Machine Gun Team
Selects Paratrooper Squad Paradrop
Selects Anti-tank Gun Team Paradrop
M3 Armored Personnel Carrier
Anti-tank Gun Team Paradrop
Anti-tank Gun Team Paradrop
Construct Tank Depot
AI Takeover
Makak
Stormless
T.R. Olvadi
Makros
0
0
Comments
sign in to comment!
No comments posted yet!